 Dungeon Crawl Stone Soup version 0.17.0-28-g6e173f8 (webtiles) character file.

213 dohliylev the Covert (level 5, 0/25 HPs)
             Began as a Spriggan Assassin on Nov 27, 2015.
             Succumbed to skk's ghost's poison
             ... on level 4 of the Dungeon.
             The game lasted 00:11:10 (1796 turns).

dohliylev the Covert (Spriggan Assassin)            Turns: 1796, Time: 00:11:11

Health: 0/25       AC:  3    Str:  7    XL:     5   Next: 59%
Magic:  6/6        EV: 18    Int: 12    God:
Gold:   166        SH:  0    Dex: 19    Spells: 0 memorised, 4 levels left

rFire  . . .     SeeInvis +     a - +2 dagger
rCold  . . .     Clarity  .     c - +0 robe
rNeg   . . .     SustAt   .     (shield restricted)
rPois  .         Gourm    .     (helmet restricted)
rElec  .         Spirit   .     u - +0 cloak
rCorr  .         Warding  .     (gloves unavailable)
rMut   .         Stasis   .     (boots unavailable)
MR     .....                    (no amulet)
Stlth  +++++.....               (no ring)
                                (no ring)

@: lethally poisoned (0 -> -19), very quick, not resistant to hostile
enchantments, quite stealthy
A: unfitting armour, see invisible, herbivore 3, speed 3, slow metabolism 2
a: no special abilities


You were on level 4 of the Dungeon.
You were not hungry.

You visited 1 branch of the dungeon, and saw 4 of its levels.

You collected 166 gold pieces.

Inventory:

Hand Weapons
 a - a +2 dagger (weapon)
 b - a +0 blowgun
Missiles
 e - 33 poisoned needles
 f - 2 curare-tipped needles
Armour
 c - a +0 robe (worn)
 d - a +0 cloak
 u - a +0 cloak (worn)
Scrolls
 h - 2 scrolls of remove curse {unknown}
 k - 2 scrolls of amnesia {unknown}
 l - 3 scrolls of identify {unknown}
 p - a scroll of recharging {unknown}
 r - 2 scrolls of teleportation {unknown}
 t - a scroll of blinking {unknown}
 x - a scroll of random uselessness {unknown}
Potions
 i - 2 potions of lignification {unknown}
 m - 2 potions of brilliance {unknown}
 n - 2 potions of curing {unknown}
 o - a potion of haste {unknown}
 q - 2 potions of poison {unknown}
 v - a potion of cure mutation {unknown}
 w - a potion of berserk rage {unknown}
Comestibles
 g - 4 bread rations
 j - a slice of pizza
 s - 2 fruits


   Skills:
 - Level 1.6 Fighting
 - Level 2.2 Short Blades
 - Level 2.0 Throwing
 + Level 2.7 Dodging
 * Level 10.1 Stealth


You had 4 spell levels left.
You didn't know any spells.

Dungeon Overview and Level Annotations

Branches:
Dungeon (4/15)
 Temple: D:4-7

Altars:
Trog
Vehumet

Annotations:
D:4 skk's ghost, amateur MiFi


Innate Abilities, Weirdness & Mutations

You are tiny and cannot use many weapons and most armour.
You have supernaturally acute eyesight.
You are a herbivore.
You cover ground extremely quickly.
You need consume almost no food.


Message History

Skk's ghost is lightly damaged.
Skk's ghost hits you.
You are more poisoned.
You barely miss skk's ghost.
Skk's ghost is lightly damaged.
You feel sick.
Skk's ghost wails, "Death is your only future!"
Skk's ghost hits you!
Ouch! That really hurt!
* * * LOW HITPOINT WARNING * * *
You are more poisoned.
* * * LOW HITPOINT WARNING * * *
You feel sick.
* * * LOW HITPOINT WARNING * * *
You feel sick.
* * * LOW HITPOINT WARNING * * *
You feel sick.
* * * LOW HITPOINT WARNING * * *
You feel sick.
You die...

#.# #.# ######.## #
#.......# ######## .
#.......# #......#
#.#.......# #.####.#
#.#.......####.##.#.#
#...........##....#.#
##........#@#####.#.# #
#........#.#..##.#.# .#
##.#'##.##....##.#.###.#
#...##......###.#.....####
##.†##.##................#
#..##.##.W..............#
##.##.##................#
#..#.##..........##.####
#..#........#.#.## .#


You could see skk's ghost.

Vanquished Creatures
  2 orc wizards (D:3)
  An orc priest (D:3)
  A worker ant (D:4)
  3 adders
  2 worms
  A giant gecko (D:1)
  8 orcs (D:3)
  13 bats
  2 giant cockroaches
  3 hobgoblins
  8 jackals
  2 quokkas
  A ball python (D:1)
  2 giant newts (D:1)
  10 goblins
  6 kobolds
  2 rats
67 creatures vanquished.

Notes
Turn   | Place    | Note
--------------------------------------------------------------
     0 | D:1      | dohliylev the Spriggan Assassin began the quest for the Orb.
     0 | D:1      | Reached XP level 1. HP: 10/10 MP: 2/2
    12 | D:1      | Reached skill level 6 in Stealth
   120 | D:1      | Reached XP level 2. HP: 12/14 MP: 3/3
   362 | D:1      | Reached skill level 7 in Stealth
   652 | D:2      | Reached XP level 3. HP: 18/18 MP: 4/4
   842 | D:2      | Reached skill level 8 in Stealth
  1075 | D:3      | Reached XP level 4. HP: 22/22 MP: 5/5
  1216 | D:3      | Found a radiant altar of Vehumet.
  1289 | D:3      | Found a bloodstained altar of Trog.
  1386 | D:3      | Reached skill level 9 in Stealth
  1386 | D:3      | Reached XP level 5. HP: 13/25 MP: 6/6
  1699 | D:4      | Reached skill level 10 in Stealth
  1777 | D:4      | Noticed skk's ghost (amateur MiFi)
  1794 | D:4      | HP: 1/25 [poisoned by skk's ghost]
  1796 | D:4      | Succumbed to skk's ghost's poison

Action                   |  1- 3 |  4- 6 || total
-------------------------+-------+-------++-------
Melee: Dagger            |    68 |    43 ||   111
 Fire: Blowgun           |    15 |    29 ||    44
 Stab: Sleeping          |    23 |     5 ||    28
       Distracted        |     1 |     2 ||     3
